 Dungeon Crawl Stone Soup version 0.27.1 (webtiles) character file.

Game seed: 500108415276281297

14110 DoubleLucky the Cleaver (level 11, -5/148 HPs)
             Began as a Minotaur Berserker on Aug 20, 2021.
             Was a High Priest of Trog.
             Slain by an orc warrior (18 damage)
             ... on level 2 of the Orcish Mines on Aug 21, 2021.
             The game lasted 01:17:01 (11965 turns).

DoubleLucky the Cleaver (Minotaur Berserker)       Turns: 11965, Time: 01:17:08

Health: -5/148     AC:  5    Str: 26    XL:     11   Next: 84%
Magic:  10/10      EV:  9    Int:  4    God:    Trog [*****.]
Gold:   1093       SH:  0    Dex: 19    Spells: 10/10 levels left

rFire    . . .     SeeInvis +   H - +8 battleaxe of Ointment {vorpal, Dex+6}
rCold    . . .     Faith    .   (shield currently unavailable)
rNeg     . . .     Spirit   .   F - +0 plate armour
rPois    .         Reflect  .   (helmet restricted)
rElec    .         Harm     .   B - +2 cloak
rCorr    .         Rampage  .   (no gloves)
Will     ++...                  G - +1 pair of boots
Stlth    ..........             n - amulet "Gel Uhyr" {Regen+ Dex+4}
HPRegen  2.34/turn              d - ring of see invisible
MPRegen  0.12/turn              (no ring)

@: berserking, strong-willed, corroded, regenerating, very quick
A: horns 2, retaliatory headbutt
a: Renounce Religion, Berserk, Trog's Hand, Brothers in Arms


You were on level 2 of the Orcish Mines.
You worshipped Trog.
Trog was extremely pleased with you.
You visited 4 branches of the dungeon, and saw 15 of its levels.
You also visited: Ossuary.

You collected 1786 gold pieces.
You spent 693 gold pieces at shops.

Inventory:

Hand Weapons
 g - a +2 vampiric broad axe
 E - a +0 battleaxe
 H - the +8 battleaxe of Ointment (weapon) {vorpal, Dex+6}
   (You bought it in a shop on level 1 of the Dungeon)

   It inflicts extra damage upon your enemies.
   Dex:       It affects your dexterity (+6).
Missiles
 v - 3 throwing nets
Armour
 b - a scarf of harm
 y - a +0 ring mail of fire resistance
 B - a +2 cloak (worn)
 F - a +0 plate armour (worn)
 G - a +1 pair of boots (worn)
Jewellery
 a - an amulet of the acrobat
 d - a ring of see invisible (left hand)
 n - the amulet "Gel Uhyr" (around neck) {Regen+ Dex+4}
   (You found it on level 11 of the Dungeon)

   [amulet of regeneration]

   Dex:       It affects your dexterity (+4).
   Regen:     It increases your rate of health regeneration.
 w - a ring of protection from cold
Wands
 e - a wand of charming (4) (quivered)
 i - a wand of flame (21)
 s - a wand of mindburst (8)
Scrolls
 h - 5 scrolls of teleportation
 m - a scroll of enchant weapon
 p - a scroll of amnesia {unknown}
 q - 3 scrolls of noise {unknown}
 t - 3 scrolls of enchant armour
 u - 3 scrolls of brand weapon
 D - a scroll of immolation
Potions
 c - a potion of brilliance {unknown}
 f - 3 potions of ambrosia {unknown}
 j - a potion of lignification {unknown}
 k - 2 potions of cancellation {unknown}
 l - 7 potions of curing
 o - a potion of heal wounds {unknown}
 r - 3 potions of magic {unknown}
 x - a potion of resistance {unknown}
 z - a potion of attraction {unknown}
 A - a potion of flight {unknown}
 C - a potion of degeneration {unknown}


   Skills:
 + Level 9.7 Fighting
 * Level 14.7 Axes
 * Level 12.0 Armour
 - Level 2.1 Dodging
 * Level 6.8 Evocations


You had 10 spell levels left.
You didn't know any spells.
Your spell library was empty.

Dungeon Overview and Level Annotations

Branches:
Dungeon (11/15)            Temple (1/1) D:7            Lair (1/6) D:10
    Orc (2/2) D:9         Ossuary (visited)
    Elf: Orc:2

Altars:
Ashenzari
Cheibriados
Dithmenos
Elyvilon
Gozag
Hepliaklqana
Kikubaaqudgha
Nemelex Xobeh
Okawaru
Qazlal
Ru
Sif Muna
Trog
Uskayaw
Wu Jian
Xom
Yredelemnul
Zin
The Shining One

Shops:
D:1 *(*[   D:5 [   D:6 :


Innate Abilities, Weirdness & Mutations

You have a pair of horns on your head.
You reflexively headbutt those who attack you in melee.


Message History

The orc sorcerer is almost dead.
You hit the orc warrior. You slash the orc priest! You slash the rust devil!
The rust devil hits you. The rust devil corrodes you!
The orc warrior hits you from afar with a +0 halberd!
The orc priest hits you but does no damage.
The orc sorcerer hits you but does no damage.
The orc warrior hits you with a +0 mace!
The orc closely misses you.
A red film seems to cover your vision as you go berserk!
You feel yourself moving faster!
You feel mighty! The rust devil hits you. The rust devil corrodes you!
The orc warrior hits you from afar with a +0 halberd!!
* * * LOW HITPOINT WARNING * * *
The orc priest hits you with a +0 hand axe.
* * * LOW HITPOINT WARNING * * *
The orc priest looks braver for a moment.
The orc sorcerer hits you but does no damage.
The orc warrior hits you with a +0 mace!!
* * * LOW HITPOINT WARNING * * *
The orc hits you from afar with a +0 trident.
* * * LOW HITPOINT WARNING * * *
You hit the orc sorcerer.
You feel the power of Trog in you as your rage grows.
You kill the orc sorcerer!
Trog accepts your kill.
Trog appreciates your killing of a magic user.
The rust devil disappears in a puff of smoke!
You hit the orc priest. You closely miss the orc warrior.
The orc warrior barely misses you.
The orc priest hits you with a +0 hand axe.
* * * LOW HITPOINT WARNING * * *
Your Armour skill increases to level 12!
You hit the orc priest.
You kill the orc priest!
Trog accepts your kill.
You hit the orc warrior but do no damage.
The orc priest calls upon Beogh to heal the orc warrior.
The orc warrior is healed somewhat.
The orc warrior hits you with a +0 mace!!
You die...

##..............
##.............
###......#....
###...####... #
##.##....#...# #.
###...##....#... ..#..
###....# ###.#....
......#ยง.....####......)
.....o)@.$.....##......)
.....oo)...........#.##.
......oo.......##...#...
................##.#....
.......#...<...#.####.#.
.........$........##.#..
..........#.......#.....
...........#$..#........
.....####........


You could see 2 orc warriors, an orc priest and 2 orcs.

Vanquished Creatures
  Harold (D:8)
  6 two-headed ogres
  An orc high priest (Orc:1)
  A skeletal warrior (D:11)
  An orc knight (Orc:2)
  2 orc sorcerers
  A cyclops (D:11)
  A manticore (D:11)
  An unseen horror (D:10)
  2 komodo dragons (D:10)
  A kobold demonologist (D:11)
  3 trolls
  2 wyverns (D:8)
  A warg (Orc:2)
  2 water moccasins
  Duvessa (D:4)
  6 orc warriors
  An ice beast (D:6)
  A hornet zombie (D:6)
  4 ogres
  The ghost of Revguard the Chopper, an amateur DsGl (D:3)
  A centaur (D:6)
  3 kobold brigands
  A gnoll sergeant (D:9)
  3 wyvern zombies
  2 scorpions
  Dowan (D:4)
  3 water moccasin skeletons
  4 wights (D:7)
  2 howler monkeys
  3 centaur zombies
  3 jellies
  4 bullfrog skeletons
  12 orc priests
  2 hounds
  Terence (D:3)
  6 orc wizards
  2 iguanas
  2 killer bee zombies
  A hound skeleton (D:4)
  8 mummies (Ossuary)
  2 howler monkey zombies
  9 gnolls
  7 adders
  A shadow imp (D:7)
  2 white imps
  An ufetubus (D:7)
  An adder skeleton (D:4)
  5 worms
  45 orcs
  6 bats
  10 endoplasms
  2 giant cockroaches
  2 gnoll zombies (Ossuary)
  6 goblins
  6 hobgoblins
  7 jackals
  27 kobolds
  5 quokkas
  7 ball pythons
  3 frilled lizards
  2 hobgoblin zombies (Ossuary)
  2 kobold zombies (Ossuary)
  2 orc zombies (Ossuary)
  4 rats
268 creatures vanquished.

Vanquished Creatures (others)
  4 plants (D:10)
4 creatures vanquished.

Grand Total: 272 creatures vanquished

Notes
Turn   | Place    | Note
-------+----------+-------------------------------------------
     0 | D:1      | DoubleLucky the Minotaur Berserker began the quest for the
                  | Orb.
     0 | D:1      | Reached XP level 1. HP: 19/19 MP: 0/0
    27 | D:1      | Found Cuammats's General Store.
   143 | D:1      | Reached XP level 2. HP: 27/27 MP: 1/1
   158 | D:1      | Reached skill level 4 in Axes
   308 | D:1      | Found Anuzoj's Armour Shop.
   692 | D:1      | Found Pikkis's Weapon Shoppe.
   767 | D:1      | Reached ** piety under Trog
  1083 | D:1      | Found Paebue's General Store.
  1152 | D:1      | Reached XP level 3. HP: 29/33 MP: 2/2
  1322 | D:1      | Found a faded altar of an unknown god.
  1546 | D:3      | Noticed Terence
  1844 | D:2      | Reached skill level 5 in Axes
  1844 | D:2      | Reached XP level 4. HP: 25/41 MP: 3/3
  2116 | D:2      | Found a broken altar of Ashenzari.
  2860 | D:3      | Reached XP level 5. HP: 47/47 MP: 4/4
  2924 | D:3      | Killed Terence
  3004 | D:3      | Found a runed translucent gate.
  3013 | D:3      | Found a runed translucent gate.
  3013 | D:3      | Found a runed translucent gate.
  3014 | D:3      | Noticed Revguard's ghost (amateur DsGl)
  3250 | D:3      | Reached skill level 5 in Fighting
  3250 | D:3      | Reached skill level 6 in Axes
  3251 | D:3      | Killed Revguard's ghost
  3252 | D:3      | Reached XP level 6. HP: 56/56 MP: 5/5
  3254 | D:3      | Reached *** piety under Trog
  3339 | D:4      | Noticed Duvessa
  3339 | D:4      | Noticed Dowan
  3381 | D:4      | Killed Dowan
  3382 | D:4      | Reached skill level 7 in Axes
  3402 | D:4      | Killed Duvessa
  3403 | D:4      | Reached skill level 1 in Evocations
  3664 | D:4      | Reached XP level 7. HP: 55/61 MP: 6/6
  4449 | D:4      | Identified a scroll of acquirement
  4450 | D:4      | Acquired a +2 vampiric broad axe
  4470 | D:5      | Entered Level 5 of the Dungeon
  4570 | D:5      | Reached skill level 5 in Armour
  4589 | D:5      | Found Orunescha's Antique Armour Boutique.
  4999 | D:6      | Reached skill level 8 in Axes
  5082 | D:6      | Reached XP level 8. HP: 60/70 MP: 7/7
  5293 | D:6      | Found Fagalugg's Self-Improvement Boutique.
  5501 | D:6      | Reached skill level 9 in Axes
  5908 | D:7      | Found a staircase to the Ecumenical Temple.
  5922 | Temple   | Entered the Ecumenical Temple
  6220 | D:7      | Reached **** piety under Trog
  6398 | D:7      | Reached XP level 9. HP: 77/78 MP: 8/8
  6603 | D:8      | Noticed Harold
  6624 | D:8      | Killed Harold
  6625 | D:8      | Reached skill level 10 in Axes
  6730 | D:8      | Found a basalt altar of Yredelemnul.
  6795 | D:8      | Found a sand-covered staircase.
  6801 | Ossuary  | Entered an ossuary
  7347 | D:8      | Reached skill level 11 in Axes
  7850 | D:9      | Noticed a two-headed ogre
  7854 | D:9      | Killed a two-headed ogre
  7855 | D:9      | Reached XP level 10. HP: 88/88 MP: 9/9
  7865 | D:9      | Noticed a two-headed ogre
  7868 | D:9      | Killed a two-headed ogre
  7869 | D:9      | Reached skill level 12 in Axes
  7869 | D:9      | Reached skill level 5 in Evocations
  7907 | D:9      | Noticed a two-headed ogre
  7913 | D:9      | Killed a two-headed ogre
  7914 | D:9      | Reached skill level 10 in Armour
  8117 | D:9      | Noticed a two-headed ogre
  8129 | D:9      | Killed a two-headed ogre
  8458 | D:9      | Found a staircase to the Orcish Mines.
  8694 | D:10     | Entered Level 10 of the Dungeon
  8725 | D:10     | Noticed a two-headed ogre
  8745 | D:10     | Killed a two-headed ogre
  8746 | D:10     | Reached skill level 13 in Axes
  8822 | D:11     | Noticed a cyclops
  8982 | D:10     | Reached XP level 11. HP: 95/95 MP: 10/10
  9492 | D:10     | Found a staircase to the Lair.
 10346 | D:11     | Noticed a two-headed ogre
 10355 | D:11     | Killed a two-headed ogre
 10390 | D:11     | Noticed a skeletal warrior
 10401 | D:11     | Killed a skeletal warrior
 10750 | D:11     | Identified the amulet "Gel Uhyr" {Regen+ Dex+4}
 10913 | Lair:1   | Entered Level 1 of the Lair of Beasts
 10913 | Lair:1   | Noticed a six-headed hydra
 11152 | D:1      | Bought the +8 battleaxe of Ointment {vorpal, Dex+6} for 693
                  | gold pieces
 11291 | Orc:1    | Entered Level 1 of the Orcish Mines
 11371 | Orc:1    | Reached skill level 14 in Axes
 11425 | Orc:1    | Noticed an orc sorcerer
 11430 | Orc:1    | Killed an orc sorcerer
 11505 | Orc:1    | Noticed an orc high priest
 11515 | Orc:1    | Noticed a soul eater
 11516 | Orc:1    | Killed an orc high priest
 11784 | Orc:2    | Entered Level 2 of the Orcish Mines
 11812 | Orc:2    | Noticed an orc knight
 11815 | Orc:2    | Reached ***** piety under Trog
 11823 | Orc:2    | Killed an orc knight
 11952 | Orc:2    | Noticed an orc sorcerer
 11964 | Orc:2    | Killed an orc sorcerer
 11965 | Orc:2    | Slain by an orc warrior

Illustrated notes

Levels and vault maps discovered:
D:1:      minmay_arrival_checkered_box, layout_basic,
          chequers_ecumenical_altar_island, serial_shops, shop_fountains, shop,
          nicolae_shop_waterfront, shop, kennysheep_nondescript
D:2:      layout_loops_ring, basic_altar, minmay_circle_x
D:3:      layout_rooms, gammafunk_ghost_nasty_kobolds, uniq_terence
D:4:      layout_rooms, serial_co_window_serial, co_window_paths_a,
          co_window_corner_a, co_window_paths_a, co_window_of_opportunity_a,
          co_window_of_opportunity_a, co_window_broadway_c,
          co_window_broadway_a, co_window_paths_c, co_window_broadway_a,
          co_window_unsneaky_path_c, co_window_sun, glass_columns_b,
          glass_columns_b, uniq_duvessa
D:5:      layout_cave_pools, serial_shops, shop
D:6:      layout_cave_pools, nicolae_shop_self_help
D:7:      layout_cave_pools, minmay_temple_entry_purple_smoke
D:8:      layout_basic, kennysheep_mini_moat, nicolae_ossuary_entry_plus,
          uniq_harold
D:9:      layout_roguey, hiddenorc2_lemuel, skrybe_limestone_x
D:10:     layout_basic, david_lair_shrubbed
D:11:     layout_long_grid, hangedman_decor_slide_cut,
          kennysheep_generic_room_16
Temple:   kilobyte_greek_temple
Lair:1:   layout_gridlike, portal_ice_cave_entry_imps, disabler_island
Orc:1:    layout_caves
Orc:2:    st_orc_mages, layout_caves, mines2_david

Skill      XL: |  1  2  3  4  5  6  7  8  9 10 11 |
---------------+----------------------------------+-----
Axes           | 4 5 6 7 8 9 11 13 14 | 14.7
Fighting       | 4 5 6 7 8 9 |  9.7
Armour         | 3 4 6 8 9 10 12 | 12.0
Evocations     | 1 2 3 4 6 |  6.8
Dodging        | |  2.1

Action                   |  1- 3 |  4- 6 |  7- 9 | 10-12 || total
-------------------------+-------+-------+-------+-------++-------
Melee: Hand axe          |    81 |    82 |    20 |       ||   183
       Headbutt          |     9 |    19 |    38 |    50 ||   116
       Broad axe         |       |       |   163 |   147 ||   310
       Battleaxe         |       |       |       |    55 ||    55
Invok: Berserk           |     1 |     3 |     2 |     3 ||     9
       Trog's Hand       |       |       |     4 |     2 ||     6
       Brothers in Arms  |       |       |     1 |       ||     1
Evoke: Wand              |       |       |     5 |    22 ||    27
  Use: Scroll            |       |     2 |    11 |       ||    13
Armor: Animal skin       |    14 |     2 |       |       ||    16
       Scale mail        |       |    10 |    50 |    25 ||    85
       Plate armour      |       |       |       |    60 ||    60
Dodge: Dodged            |    38 |    34 |    87 |    82 ||   241
